 Dungeon Crawl Stone Soup version 0.31-a0-559-g03b8d61ab2 (webtiles) character file.

Game seed: 7398421629375171048

71 Ethylacetat the Insei (level 4, 0/31 HPs)
             Began as an Octopode Gladiator on Aug 17, 2023.
             Slain by a goblin
             ... wielding a +2 dagger of venom
             ... led by Robin
              (6 damage)
             ... on level 2 of the Dungeon.
             The game lasted 00:01:15 (1194 turns).

Ethylacetat the Insei (Octopode Gladiator)          Turns: 1194, Time: 00:01:15

Health: 0/31       AC:  1    Str: 13    XL:     4   Next: 24%
Magic:  4/4        EV: 14    Int: 10    God:
Gold:   91         SH:  0    Dex: 15    Spells: 3/3 levels left

rFire   . . .        f - +1 dagger (venom)
rCold   . . .        (no shield)
rNeg    . . .        a - +0 hat
rPois   .            (no amulet)
rElec   .            (no ring)
rCorr   .            (no ring)
SInv    .            (no ring)
Will    .....        (no ring)
Stlth   ++           (no ring)
HPRegen 0.25/turn    (no ring)
MPRegen 0.09/turn    (no ring)
                     (no ring)

%: no passive effects
@: lethally poisoned (0 -> -19)
A: almost no armour, amphibious, 8 rings, camouflage 1, gelatinous body 1,
(nimble swimmer 1), tentacles
a: no special abilities


You were on level 2 of the Dungeon.
You visited 1 branch of the dungeon, and saw 2 of its levels.

You collected 91 gold pieces.

Inventory:

Hand Weapons
 f - a +1 dagger of venom (weapon)
Missiles
 b - 3 throwing nets (quivered)
 c - a javelin
Armour
 a - a +0 hat (worn)
Scrolls
 d - a scroll of fear {unknown}
 e - a scroll of poison {unknown}
 i - a scroll of vulnerability {unknown}
 j - 3 scrolls of identify {unknown}
 k - a scroll of immolation {unknown}
 l - a scroll of torment {unknown}
Potions
 h - a potion of degeneration {unknown}


   Skills:
 + Level 3.0 Fighting
 - Level 2.0 Throwing
 + Level 3.7 Dodging
 + Level 3.7 Unarmed Combat


You had 3 spell levels left.
You didn't know any spells.
Your spell library was empty.

Dungeon Overview and Level Annotations

Branches:
Dungeon (2/15)

Altars:

Shops:
D:1 ?

Annotations:
D:2 Robin


Innate Abilities, Weirdness & Mutations

You cannot wear most types of armour.
You are amphibious.
You can wear up to eight rings at the same time.
Your skin changes colour to match your surroundings (Stealth+).
Your rubbery body absorbs attacks. (AC +1, EV +1)
((You are camouflaged when in or above water. (Stealth+)))
You have tentacles for arms and can constrict up to eight enemies at once.


Message History

Key pressed, stopping explore.
No target in view!
No target in view!
An endoplasm comes into view.
An endoplasm is nearby!
An endoplasm is nearby! 3 goblins come into view. 3 goblins come into view.
A goblin is wielding a +2 dagger of venom.
The goblin shouts! x4; You hear a shout! x3
The endoplasm quivers.
The endoplasm freezes you.
You are frozen.
A goblin comes into view. It is wielding a +0 dagger.
A goblin comes into view. It is wielding a +0 club.
The goblin shouts!
The goblin shouts!
You hit the endoplasm. You squeeze the endoplasm.
You kill the endoplasm!
Robin of the Strong Arm comes into view.
They are wielding a +0 whip.
A hobgoblin comes into view.
Found a stone staircase leading down.
You hit the goblin.
You kill the goblin!
Robin throws the goblin at you!
The goblin hits you with a +2 dagger of venom.
You are poisoned.
You barely miss the goblin. Your grab misses the goblin.
You squeeze the goblin.
The goblin is moderately wounded.
You feel sick.
Robin roars a battlecry!
The goblins go into a battle-frenzy!
The goblin hits you with a +2 dagger of venom!
You are lethally poisoned!
The goblin hits you with a +0 club!
* * * LOW HITPOINT WARNING * * *
You feel very sick.
The goblin hits you with a +2 dagger of venom.
You die...

#..g..# #.....#
###### #.....#
#....#####.....##.
#.#.......g.g.....
#>...##.#g.....##.
###.#..g..#.........#
#.....@##g#..g.......
#.....g.ggg.g........
#......##g.$....#....
#......####.........
#......# #.....#...
#......#
#.....#######
#......#
#.....##.....
#......#
#............ #......
#.....##.....


You could see Robin and 6 goblins.

Vanquished Creatures
  Jessica (D:2)
  An adder (D:2)
  4 endoplasms
  5 goblins
  2 hobgoblins
  4 jackals (D:2)
  A kobold (D:2)
  3 quokkas
  2 ball pythons
  3 bats
  A frilled lizard (D:1)
  6 rats
33 creatures vanquished.

Notes
Turn   | Place    | Note
-------+----------+-------------------------------------------
     0 | D:1      | Ethylacetat the Octopode Gladiator began the quest for the
                  | Orb.
     0 | D:1      | Reached XP level 1. HP: 14/14 MP: 1/1
     6 | D:1      | Noticed a hog
     6 | D:1      | Noticed a polar bear
     6 | D:1      | Noticed a four-headed hydra
     7 | D:1      | Noticed an anaconda
   220 | D:1      | Reached XP level 2. HP: 12/19 MP: 2/2
   702 | D:1      | Found Cusuf's Magic Scroll Boutique.
   822 | D:2      | Reached XP level 3. HP: 23/25 MP: 3/3
  1004 | D:2      | Noticed Jessica
  1012 | D:2      | Killed Jessica
  1013 | D:2      | Reached XP level 4. HP: 9/31 MP: 4/4
  1015 | D:2      | HP: 1/46 [poisoned by Jessica]
  1184 | D:2      | Noticed Robin
  1194 | D:2      | Slain by a goblin

Illustrated notes

Levels and vault maps discovered:
D:1:      onia_arrival_zoo_common, layout_loops_ring, serial_shops,
          nicolae_shop_back_alley_shop
D:2:      layout_basic, uniq_jessica, uniq_robin

Skill      XL: |  1  2  3 |
---------------+----------+-----
Fighting       | 3 |  3.0
Throwing       | |  2.0
Dodging        | |  3.7
Unarmed Combat | |  3.7

Action                     |  1- 3 |  4- 6 || total
---------------------------+-------+-------++-------
  Melee: Unarmed           |    62 |     2 ||    64
         Constrict         |    18 |       ||    18
         Punch             |     4 |       ||     4
         Tentacles         |     8 |     2 ||    10
         Dagger            |       |     3 ||     3
    Use: Potion            |       |     2 ||     2
   Stab: Sleeping          |     1 |       ||     1
 Armour: Skin              |     6 |     1 ||     7
  Dodge: Dodged            |    36 |       ||    36

Table legend: (Time is in decaauts)
 A = Elapsed time spent in this place.
 B = Non-inter-level travel time spent in this place.
 C = Inter-level travel time spent in this place.
 D = Time resting spent in this place.
 E = Time spent auto-exploring this place.
 F = Levels seen in this place.
 G = Mean time per level.
                   A        B        C        D        E       F      G
               +--------+--------+--------+--------+--------+-----+--------+
         Total |   1188 |   1166 |     22 |     39 |    920 |   2 |  594.0 |
       Dungeon |   1188 |   1166 |     22 |     39 |    920 |   2 |  594.0 |
               +--------+--------+--------+--------+--------+-----+--------+

Top non-repeatable levels by time:
     D:1: 726 daAuts
     D:2: 462 daAuts
